 Dungeon Crawl Stone Soup version 0.31-a0-1570-g93c622d222 (webtiles) character file.

Game seed: 7542426119743886135

95 hikkokomori the Digger (level 4, 0/26 HPs)
             Began as a Gargoyle Earth Elementalist on Jan 3, 2024.
             Incinerated by a bombardier beetle (2 damage)
             ... with a burning spray
             ... on level 3 of the Dungeon.
             The game lasted 00:03:06 (1740 turns).

hikkokomori the Digger (GrEE)                       Turns: 1740, Time: 00:03:06

Health: 0/26       AC:  7    Str: 11    XL:     4   Next: 66%
Magic:  10/16      EV: 11    Int: 18    God:
Gold:   79         SH:  0    Dex: 10    Spells: 3/7 levels left

rFire   . . .        (no weapon)
rCold   . . .        (no shield)
rNeg    + . .        a - +0 robe
rPois   ∞            h - +0 helmet
rElec   +            (no cloak)
rCorr   .            f - +0 pair of gloves
SInv    .            (no boots)
Will    .....        (no amulet)
Stlth   +            c - ring of magical power
HPRegen 0.24/turn    (no ring)
MPRegen 0.15/turn

%: no passive effects
@: on fire, glowing
A: sickness immunity, AC +3, negative energy resistance 1, electricity
resistance, torment resistance 1, petrification resistance
a: no special abilities


You were on level 3 of the Dungeon.
You visited 1 branch of the dungeon, and saw 3 of its levels.

You collected 79 gold pieces.

Inventory:

Hand Weapons
 d - a +0 whip
Armour
 a - a +0 robe (worn)
 f - a +0 pair of gloves (worn)
 h - a +0 helmet (worn)
Jewellery
 c - a ring of magical power (left hand)
Scrolls
 e - a scroll of immolation
 g - a scroll of revelation {unknown}
 i - a scroll of amnesia {unknown}
Potions
 b - a potion of magic


   Skills:
 + Level 2.0 Fighting
 - Level 1.5 Dodging
 + Level 3.2 Stealth
 - Level 2.1 Spellcasting
 + Level 2.5 Conjurations
 + Level 4.4 Earth Magic


You had 3 spell levels left.
You knew the following spells:

 Your Spells              Type           Power      Damage    Failure   Level
a - Sandblast             Erth           34%        2d9       3%          1
b - Stone Arrow           Conj/Erth      28%        3d8       13%         3

Your spell library contained the following spells:

 Spells                   Type           Power      Damage    Failure   Level
 Passwall                 Erth           17%        N/A       9%          3
 Lesser Beckoning         Tloc           2%         N/A       26%         2
 Gell's Gravitas          Tloc           1%         N/A       47%         3
 Inner Flame              Hex/Fire       1%         N/A       47%         3
 Teleport Other           Tloc           1%         N/A       47%         3
 Brom's Barrelling Bould  Conj/Erth      14%        2d4       38%         4
 Petrify                  Alch/Erth      9%         N/A       56%         4
 Irradiate                Conj/Alch      3%         3d12      96%         5
 Ignition                 Fire           0%         3d3       100%        8


Dungeon Overview and Level Annotations

Branches:
Dungeon (3/15)

Altars:


Innate Abilities, Weirdness & Mutations

You are immune to sickness and miasma.
Your stone body is resilient. (AC +3)
You are immune to poison.
You resist negative energy. (rN+)
You are resistant to electric shocks. (rElec)
You are resistant to unholy torment.
You are immune to petrification.


Message History

The blast of sand hits the bombardier beetle but does no damage.
The bombardier beetle is heavily wounded.
The hobgoblin hits you but does no damage.
The bombardier beetle sprays incendiary fluid at you.
The burning spray hits you.
You are covered in liquid fire!
The hobgoblin barely misses you.
The blast of sand hits the bombardier beetle.
The bombardier beetle is almost dead.
The liquid fire burns you! The hobgoblin barely misses you.
The bombardier beetle bites you.
Unknown command.
The blast of sand hits the bombardier beetle.
You kill the bombardier beetle!
The liquid fire burns you! The hobgoblin hits you.
The hobgoblin barely misses you.
Your Stealth skill increases to level 3!
Unknown command.
The blast of sand hits the hobgoblin!
You kill the hobgoblin!
The liquid fire burns you!
* * * LOW HITPOINT WARNING * * *
Your Fighting skill increases to level 2!
You are too injured to fight recklessly!
Unknown command.
You are too injured to fight recklessly!
Unknown command.
Unknown command.
You are on fire!
Unknown command.
You are on fire!
You shake off some of the fire as you move.
The liquid fire burns you!
* * * LOW HITPOINT WARNING * * *
Okay, then.
As you read the scroll labelled VODGHI JOGRUCK, it crumbles to dust.
The air around you briefly surges with heat, but it dissipates.
It was a scroll of immolation.
The liquid fire burns you!
You die...

#. #.#
###
##.[...#
....#.##
#.....###
#..#....#
#...†.#.#
#..†<@..#
#####.###
..# .###
#. . ##


There were no monsters in sight!

Vanquished Creatures
  A bombardier beetle (D:3)
  An adder (D:2)
  2 ribbon worms (D:2)
  5 ball pythons
  5 endoplasms
  2 giant cockroaches
  6 goblins
  3 hobgoblins
  2 quokkas (D:2)
  3 bats
  11 frilled lizards
  5 kobolds
  2 rats (D:1)
48 creatures vanquished.

Notes
Turn   | Place    | Note
-------+----------+-------------------------------------------
     0 | D:1      | hikkokomori the Gargoyle Earth Elementalist began the quest
                  | for the Orb.
     0 | D:1      | Reached XP level 1. HP: 10/10 MP: 3/3
   361 | D:1      | Reached XP level 2. HP: 15/15 MP: 5/5
   968 | D:2      | Reached skill level 1 in Fighting
   969 | D:2      | Reached skill level 4 in Earth Magic
   975 | D:2      | Reached XP level 3. HP: 19/20 MP: 6/6
  1132 | D:2      | Learned a level 3 spell: Stone Arrow
  1628 | D:2      | Reached XP level 4. HP: 25/25 MP: 7/7
  1740 | D:3      | Incinerated by a bombardier beetle

Illustrated notes

Levels and vault maps discovered:
D:1:      dpeg_arrival_round_c, layout_loops_cross
D:2:      layout_basic, minmay_lizard_king
D:3:      layout_basic, yredelemnul_forgotten_temple_becter, old_standard_altar

Skill      XL: |  1  2  3  4 |
---------------+-------------+-----
Fighting       | 1 2 |  2.0
Earth Magic    | 4 |  4.4
Conjurations   | 2 |  2.5
Stealth        | 3 |  3.2
Dodging        | |  1.5
Spellcasting   | |  2.1

Action                     |  1- 3 |  4- 6 || total
---------------------------+-------+-------++-------
   Cast: Sandblast         |    68 |     7 ||    75
    Use: Scroll            |       |     1 ||     1
 Armour: Robe              |    17 |     3 ||    20
  Dodge: Dodged            |    10 |     3 ||    13

Table legend: (Time is in decaauts)
 A = Elapsed time spent in this place.
 B = Non-inter-level travel time spent in this place.
 C = Inter-level travel time spent in this place.
 D = Time resting spent in this place.
 E = Time spent auto-exploring this place.
 F = Levels seen in this place.
 G = Mean time per level.
                   A        B        C        D        E       F      G
               +--------+--------+--------+--------+--------+-----+--------+
         Total |   1776 |   1724 |     52 |      0 |   1469 |   3 |  592.0 |
       Dungeon |   1776 |   1724 |     52 |      0 |   1469 |   3 |  592.0 |
               +--------+--------+--------+--------+--------+-----+--------+

Top non-repeatable levels by time:
     D:1: 893 daAuts
     D:2: 871 daAuts
     D:3: 12 daAuts
